 Dungeon Crawl Stone Soup version 0.25.0-9-g26727b657a (webtiles) character file.

Game seed: 9626356920500967155

13928 protoss039 the Eclecticist (level 11, -5/58 HPs)
             Began as a Deep Elf Earth Elementalist on June 19, 2020.
             Was a Priest of Vehumet.
             Slain by an ogre
             ... wielding a +0 giant club
              (17 damage)
             ... on level 11 of the Dungeon.
             The game lasted 01:04:16 (17407 turns).

protoss039 the Eclecticist (DEEE)                  Turns: 17407, Time: 01:04:16

Health: -5/58      AC: 11    Str:  5    XL:     11   Next: 82%
Magic:  22/34      EV: 11    Int: 24    God:    Vehumet [***...]
Gold:   349        SH:  0    Dex: 15    Spells: 26/44 levels left

rFire    . . .     SeeInvis .   y - +4 quarterstaff (chaos)
rCold    . . .     Gourm    .   (shield currently unavailable)
rNeg     . . .     Faith    .   w - +0 acid dragon scales
rPois    .         Spirit   .   (no helmet)
rElec    .         Reflect  .   A - +2 cloak {rCorr}
rCorr    +         Harm     .   k - +0 pair of gloves
MR       +....                  g - +0 pair of boots
Stlth    ++........             (no amulet)
HPRegen  0.19/turn              o - ring of flight
MPRegen  0.24/turn              (no ring)

@: lethally poisoned (-5 -> -69)
A: no striking features
a: Renounce Religion, Evoke Flight


You were on level 11 of the Dungeon.
You worshipped Vehumet.
Vehumet was most pleased with you.
You were very hungry.

You visited 2 branches of the dungeon, and saw 12 of its levels.
You also visited: Sewer.

You collected 493 gold pieces.
You spent 144 gold pieces at shops.

Inventory:

Hand Weapons
 c - a +4 scimitar of flaming
 y - a +4 quarterstaff of chaos (weapon)
 B - a +4 long sword of freezing
Missiles
 t - 115 stones (quivered)
Armour
 g - a +0 pair of boots (worn)
 k - a +0 pair of gloves (worn)
 w - +0 acid dragon scales (worn)
 A - a +2 cloak of preservation (worn)
Jewellery
 o - a ring of flight (left hand)
Wands
 f - a wand of paralysis (21)
 n - a wand of disintegration (17)
 v - a wand of acid (4)
Scrolls
 b - 4 scrolls of teleportation
 e - 4 scrolls of remove curse
 i - a scroll of silence {unknown}
 j - 5 scrolls of magic mapping
 l - 10 scrolls of identify
 r - a scroll of fear {unknown}
 s - a scroll of summoning {unknown}
 C - a scroll of amnesia
Potions
 h - 3 potions of brilliance
 p - 3 potions of might {unknown}
 u - 2 potions of mutation {unknown}
 x - 3 potions of stabbing {unknown}
 z - a potion of magic {unknown}
Comestibles
 d - 19 rations


   Skills:
 + Level 2.3 Fighting
 + Level 1.8 Staves
 - Level 2.4 Dodging
 + Level 4.6 Stealth
 + Level 17.2 Spellcasting
 * Level 7.7 Conjurations
 + Level 0.1 Hexes
 + Level 1.1 Transmutations
 + Level 11.2 Earth Magic


You had 26 spell levels left.
You knew the following spells:

 Your Spells              Type           Power        Failure   Level  Hunger
a - Sandblast             Erth           ######       1%          1    None
b - Passwall              Tmut/Erth      ######..     1%          2    None
c - Stone Arrow           Conj/Erth      ######       1%          3    None
d - Petrify               Tmut/Erth      ######..     4%          4    None
e - Lee's Rapid Deconstr  Erth           ######....   1%          5    None
f - Dazzling Flash        Conj/Hex       #####.       1%          3    None

Your spell library contained the following spells:

 Spells                   Type           Power        Failure   Level  Hunger
 Frozen Ramparts          Ice            ###...       4%          3    None
 Corona                   Hex            ###....      5%          1    None
 Ensorcelled Hibernation  Hex/Ice        ###...       9%          2    None
 Confusing Touch          Hex            ###.....     16%         3    None
 Tukima's Dance           Hex            ###.....     16%         3    None
 Lehudib's Crystal Spear  Conj/Erth      ######....   85%         8    #######
 Chain Lightning          Conj/Air       #####.....   100%        8    #######
 Absolute Zero            Ice            ###.......   100%        9    #######
 Fire Storm               Conj/Fire      #####.....   100%        9    #######


Dungeon Overview and Level Annotations

Branches:
Dungeon (11/15)            Temple (1/1) D:5            Lair (0/6) D:11
    Orc (0/2) D:11          Sewer (visited)

Altars:
Ashenzari
Cheibriados
Dithmenos
Elyvilon
Fedhas
Gozag
Hepliaklqana
Kikubaaqudgha
Makhleb
Nemelex Xobeh
Okawaru
Qazlal
Ru
Sif Muna
Trog
Uskayaw
Vehumet
Wu Jian
Xom
Yredelemnul
Zin
The Shining One

Shops:
D:8 [   D:9 *:[[?   D:10 *


Message History

Casting: Sandblast (safe; 1% risk of failure)
Confirm with . or Enter, or press ? or * to list all spells.
Aiming: Sandblast (safe; 1% risk of failure)
Press: ? - help, Shift-Dir - straight line, f/p - green ugly thing
Aim: a green ugly thing (almost dead)
The blast of sand hits the green ugly thing!
You kill the green ugly thing!
Vehumet accepts your kill.
t - 115 stones
* * * LOW HITPOINT WARNING * * *
You feel very sick.
The ogre is no longer blind.
Unknown command.
Unknown command.
Casting: Sandblast (safe; 1% risk of failure)
Confirm with . or Enter, or press ? or * to list all spells.
* * * LOW HITPOINT WARNING * * *
You feel very sick. The ogre hits you with a +0 giant club!
You die...

######## #####
#......# #....
#......# #....
#......# #..#....
#..O†..#....#..#....
#..@# #....#..#....
#...# #....#..#....
#...# #....#..#....
#...####....#..#....
#......#....#..#....
#####..........#....
#...#..........#....
#...#..######..#....
#...........#..#....


You could see an ogre.

Vanquished Creatures
  Erica (D:8)
  Harold (D:10)
  2 two-headed ogres (D:11)
  An unseen horror (D:10)
  An ugly thing (D:11)
  A manticore (D:11)
  Maggie (D:6)
  4 hippogriffs
  A shadow (D:11)
  A vampire (D:8)
  3 hogs (D:7)
  A human (D:7)
  10 yaks
  A hungry ghost (D:6)
  A steam dragon (D:9)
  3 wargs
  Menkaure (D:6)
  An acid dragon (D:11)
  3 orc warriors
  A black bear (D:10)
  4 ice beasts
  An eye of draining (D:11)
  A necrophage (D:10)
  5 ogres
  5 phantoms
  A hornet zombie (D:11)
  4 centaurs
  A crocodile (D:9)
  5 big kobolds
  8 bullfrogs
  3 scorpions
  10 killer bees
  8 wights
  5 howler monkeys
  A bullfrog zombie (D:8)
  4 crimson imps
  A quasit (D:4)
  6 hounds
  8 orc priests
  A jelly (D:10)
  9 orc wizards
  Crazy Yiuf (D:7)
  3 bullfrog skeletons
  Ijyb (D:4)
  2 iguanas
  9 worker ants
  2 hound zombies
  A hound skeleton (D:11)
  2 worker ant zombies
  4 gnolls (D:10)
  A howler monkey skeleton (D:7)
  19 adders
  A river rat (D:6)
  3 shadow imps
  3 oozes
  An adder skeleton (D:6)
  4 worms
  3 dart slugs
  5 leopard geckos
  43 orcs
  3 ball pythons
  5 giant cockroaches
  8 goblins
  12 hobgoblins
  9 jackals
  5 quokkas
  6 bats
  4 frilled lizards
  25 kobolds
  16 rats
331 creatures vanquished.

Notes
Turn   | Place    | Note
-------+----------+-------------------------------------------
     0 | D:1      | protoss039 the Deep Elf Earth Elementalist began the quest
                  | for the Orb.
     0 | D:1      | Reached XP level 1. HP: 10/10 MP: 6/6
   453 | D:1      | Reached XP level 2. HP: 15/15 MP: 6/8
  1277 | D:1      | Reached XP level 3. HP: 19/19 MP: 8/10
  1559 | D:2      | Reached skill level 4 in Spellcasting
  1623 | D:2      | Noticed an ogre
  1708 | D:2      | Learned a level 2 spell: Passwall
  1856 | D:2      | Learned a level 3 spell: Stone Arrow
  2032 | D:2      | Reached XP level 4. HP: 23/24 MP: 8/12
  2547 | D:2      | Killed an ogre
  2547 | D:2      | Reached skill level 5 in Spellcasting
  2547 | D:2      | Reached XP level 5. HP: 28/28 MP: 6/15
  2721 | D:3      | Reached skill level 6 in Spellcasting
  2733 | D:3      | Noticed a centaur
  2740 | D:3      | Killed a centaur
  2740 | D:3      | Reached skill level 5 in Earth Magic
  3028 | D:3      | Reached XP level 6. HP: 33/33 MP: 10/17
  3034 | D:3      | Reached skill level 7 in Spellcasting
  3978 | D:4      | Noticed Ijyb
  3983 | D:4      | Killed Ijyb
  3990 | D:4      | Reached skill level 8 in Spellcasting
  4281 | D:4      | Reached XP level 7. HP: 36/37 MP: 17/20
  4719 | D:4      | Reached skill level 9 in Spellcasting
  5179 | D:4      | Learned a level 4 spell: Petrify
  5201 | D:5      | Entered Level 5 of the Dungeon
  5325 | D:5      | Reached skill level 1 in Conjurations
  5665 | D:5      | Reached XP level 8. HP: 42/42 MP: 7/23
  5846 | D:5      | Found a staircase to the Ecumenical Temple.
  5882 | D:5      | Reached skill level 1 in Fighting
  5884 | Temple   | Entered the Ecumenical Temple
  6076 | D:5      | Reached skill level 10 in Spellcasting
  6495 | D:6      | Noticed Maggie
  6509 | D:6      | Killed Maggie
  6594 | D:6      | Reached skill level 11 in Spellcasting
  6615 | D:6      | Found a glowing drain.
  6622 | Sewer    | Entered a sewer
  7478 | D:6      | Learned a level 5 spell: Lee's Rapid Deconstruction
  7718 | D:6      | Noticed Menkaure
  7722 | D:6      | Killed Menkaure
  7722 | D:6      | Reached XP level 9. HP: 47/47 MP: 22/26
  8197 | D:6      | Reached skill level 12 in Spellcasting
  8822 | D:7      | Found a runed translucent door.
  8823 | D:7      | Noticed Crazy Yiuf
  8828 | D:7      | Killed Crazy Yiuf
  9439 | D:7      | Reached skill level 13 in Spellcasting
  9498 | D:7      | Found a radiant altar of Vehumet.
  9499 | D:7      | Found a burning altar of Makhleb.
  9506 | D:7      | Became a worshipper of Vehumet
  9726 | D:7      | Reached XP level 10. HP: 14/53 MP: 19/29
 10105 | D:7      | Reached skill level 14 in Spellcasting
 10368 | D:7      | Found a white marble altar of Elyvilon.
 10806 | D:8      | Found Builicid's Armour Emporium.
 10806 | D:8      | Noticed Erica
 10809 | D:8      | Killed Erica
 11354 | D:8      | Reached * piety under Vehumet
 11354 | D:8      | Offered knowledge of Shock by Vehumet.
 11484 | D:8      | Reached skill level 15 in Spellcasting
 12248 | D:9      | Identified a scroll of acquirement
 12282 | D:8      | Reached skill level 5 in Conjurations
 12526 | D:9      | Reached skill level 1 in Staves
 12742 | D:9      | Found Lawkikluschy's Magic Scroll Shop.
 12750 | D:9      | Bought a scroll of identify for 24 gold pieces
 12750 | D:9      | Bought a scroll of identify for 24 gold pieces
 12750 | D:9      | Bought a scroll of identify for 24 gold pieces
 12750 | D:9      | Bought 2 scrolls of identify for 48 gold pieces
 12750 | D:9      | Bought a scroll of identify for 24 gold pieces
 12914 | D:9      | Offered knowledge of Freeze by Vehumet.
 13112 | D:9      | Reached ** piety under Vehumet
 13116 | D:9      | Reached skill level 10 in Earth Magic
 13290 | D:9      | Found Utevamn's Book Shoppe.
 13318 | D:9      | Found Imorghos's General Store.
 13374 | D:9      | Found a shattered altar of Ashenzari.
 13374 | D:9      | Found a shadowy altar of Dithmenos.
 13379 | D:9      | Found a stormy altar of Qazlal.
 13381 | D:9      | Found a blossoming altar of Fedhas.
 13382 | D:9      | Found a shimmering altar of Xom.
 13442 | D:9      | Found Vohaampa's Antique Armour Emporium.
 13532 | D:9      | Found Hischum's Armour Boutique.
 13686 | D:9      | Noticed a moth of wrath
 13689 | D:9      | Found a bloodstained altar of Trog.
 13841 | D:10     | Entered Level 10 of the Dungeon
 13981 | D:10     | Reached skill level 16 in Spellcasting
 14065 | D:10     | Noticed Harold
 14111 | D:10     | Killed Harold
 14111 | D:10     | Reached XP level 11. HP: 13/57 MP: 33/33
 14888 | D:10     | Found Vadats's Assorted Antiques.
 15408 | D:10     | Killed an unseen horror
 15532 | D:10     | Offered knowledge of Frozen Ramparts by Vehumet.
 16096 | D:11     | Noticed a two-headed ogre
 16102 | D:11     | Killed a two-headed ogre
 16106 | D:11     | Reached skill level 17 in Spellcasting
 16425 | D:11     | Reached *** piety under Vehumet
 16864 | D:11     | Found a staircase to the Lair.
 16958 | D:11     | Noticed a two-headed ogre
 16973 | D:11     | Killed a two-headed ogre
 16981 | D:11     | Learned a level 3 spell: Dazzling Flash
 17210 | D:11     | Found a staircase to the Orcish Mines.
 17399 | D:11     | Noticed a green ugly thing
 17406 | D:11     | Killed a green ugly thing
 17407 | D:11     | Slain by an ogre

Illustrated notes

Levels and vault maps discovered:
D:1:      saegor_arrival_simple_c, layout_loops_ring
D:2:      layout_basic
D:3:      layout_loops_ring, serial_glass, glass_columns_b, glass_columns_b
D:4:      layout_basic, uniq_ijyb
D:5:      layout_cave_pools, temple_statues, first_ration, serial_bayou,
          serial_bayou_crossing, serial_bayou_pond_c, serial_bayou_ford_a,
          serial_bayou_shore_b
D:6:      layout_loops_ring, gup_sewer_entry_bubbles, uniq_maggie, uniq_menkaure
D:7:      layout_layer_cave, grunt_temple_overflow_lords_of_destruction,
          elyvilon_altar_5, grunt_livestock, uniq_crazy_yiuf_cottage
D:8:      layout_loops_corners, serial_shops, shop, uniq_erica
D:9:      layout_gridville, chequers_temple_overflow_minitemple, serial_shops,
          shop, shop, shop, nicolae_shop_statue_plus, shop, tgw_trog
D:10:     layout_long_grid, serial_shops, shop, uniq_harold
D:11:     layout_grid_maze, erik_lair_orcish_takeover, orc_0_dummy
Temple:   zaba_magenta_temple

Skill      XL: |  1  2  3  4  5  6  7  8  9 10 11 |
---------------+----------------------------------+-----
Earth Magic    | 4 5 6 8 9 10 11 | 11.2
Spellcasting   | 4 5 6 8 9 11 13 16 17 | 17.2
Stealth        | 3 4 |  4.6
Conjurations   | 2 4 5 7 |  7.7
Fighting       | 1 2 |  2.3
Staves         | 1 |  1.8
Dodging        | |  2.4
Hexes          | |  0.1
Transmutations | |  1.1

Action                   |  1- 3 |  4- 6 |  7- 9 | 10-12 || total
-------------------------+-------+-------+-------+-------++-------
Melee: Short sword       |    64 |    58 |    29 |       ||   151
       Unarmed           |     7 |       |       |       ||     7
       Quarterstaff      |       |       |    15 |    57 ||    72
 Cast: Sandblast         |    31 |    41 |    88 |    66 ||   226
       Stone Arrow       |     3 |    15 |   125 |   239 ||   382
       Dazzling Flash    |       |       |       |     3 ||     3
       Lee's Rapid Decon |       |       |       |     2 ||     2
       Petrify           |       |       |       |     2 ||     2
Evoke: Wand              |       |       |     3 |       ||     3
  Use: Scroll            |       |    14 |     1 |     5 ||    20
       Potion            |       |       |     7 |    10 ||    17
 Stab: Sleeping          |     1 |     3 |       |       ||     4
  Eat: Chunk             |     4 |     7 |    17 |    19 ||    47
       Ration            |       |       |       |     1 ||     1
Armor: Robe              |    25 |    21 |    12 |       ||    58
       Skin              |       |       |    35 |    77 ||   112
       Acid dragon scale |       |       |     8 |    92 ||   100
Dodge: Dodged            |    86 |    62 |    82 |    89 ||   319
